 Dungeon Crawl Stone Soup version 0.31-a0-1603-gbec6b6c (webtiles) character file.

Game seed: 5249850379473130259

891 Dorkslayer the Sneak (level 8, -1/51 HPs)
             Began as an Octopode Shapeshifter on Jan 7, 2024.
             Slain by a gargoyle
             ... wielding a +1 morningstar of protection
              (18 damage)
             ... on level 6 of the Dungeon.
             The game lasted 00:12:46 (4067 turns).

Dorkslayer the Sneak (Octopode Shapeshifter)        Turns: 4067, Time: 00:12:47

Health: -1/51      AC:  1    Str: 19    XL:     8   Next: 6%
Magic:  8/8        EV: 14    Int: 12    God:
Gold:   286        SH:  0    Dex: 14    Spells: 7/7 levels left

rFire   . . .        i - +1 whip (drain)
rCold   . . .        (no shield)
rNeg    . . .        (helmet currently unavailable)
rPois   .            (no amulet)
rElec   .            e - +6 ring of strength
rCorr   +            n - ring of resist corrosion
SInv    .            (no ring)
Will    .....        (no ring)
Stlth   ++++         (no ring)
HPRegen 0.28/turn    (no ring)
MPRegen 0.11/turn    (no ring)
                     (no ring)

%: no passive effects
@: beast-form
A: beast (slay +2), almost no armour, amphibious, 8 rings, camouflage 1,
gelatinous body 1, (nimble swimmer 1), tentacles
a: Begin Untransformation


You were on level 6 of the Dungeon.
You were a hulking beast.
You visited 1 branch of the dungeon, and saw 6 of its levels.

You collected 332 gold pieces.
You spent 46 gold pieces at shops.

Inventory:

Hand Weapons
 i - a +1 whip of draining (weapon)
Missiles
 h - a curare-tipped dart (quivered)
Jewellery
 e - a +6 ring of strength (left tentacle)
 n - a ring of resist corrosion (right tentacle)
Talismans
 b - a beast talisman
 c - a flux talisman
Scrolls
 f - a scroll of blinking
 k - a scroll of revelation
 o - a scroll of immolation
 q - 2 scrolls of enchant armour
Potions
 a - 2 potions of lignification
 d - a potion of might
 g - a potion of cancellation
 j - 4 potions of heal wounds
 l - 5 potions of mutation
 m - a potion of enlightenment
 p - 3 potions of curing
 t - a potion of berserk rage


   Skills:
 + Level 2.7 Fighting
 + Level 3.6 Maces & Flails
 + Level 0.1 Throwing
 + Level 3.5 Dodging
 + Level 5.8 Stealth
 * Level 5.3 Unarmed Combat
 + Level 3.9 Shapeshifting


You had 7 spell levels left.
You didn't know any spells.
Your spell library contained the following spells:

 Spells                   Type           Power      Damage    Failure   Level
 Ensorcelled Hibernation  Hex/Ice        0%         N/A       45%         2
 Passwall                 Erth           0%         N/A       69%         3
 Swiftness                Air            0%         N/A       69%         3


Dungeon Overview and Level Annotations

Branches:
Dungeon (6/15)
 Temple: D:4-7

Altars:
Makhleb
Uskayaw
Yredelemnul

Shops:
D:1 [[?(   D:4 *


Innate Abilities, Weirdness & Mutations

You are a hulking beast.
Your limbs bulge with bestial killing power. (Slay +2)
You cannot wear most types of armour.
You are amphibious.
You can wear up to eight rings at the same time.
Your skin changes colour to match your surroundings (Stealth+).
Your rubbery body absorbs attacks. (AC +1, EV +1)
((You are camouflaged when in or above water. (Stealth+)))
You have tentacles for arms and can constrict up to eight enemies at once.


Message History

Found an escape hatch in the floor.
Found a stone staircase leading up.
Found a ring mail.
Found a stone staircase leading down.
There is a stone staircase leading up here.
You see here a +0 ring mail.
You see here a +0 ring mail.
There is a stone staircase leading down here.
Found a stone staircase leading down.
A jelly comes into view.
The helpless jelly fails to defend itself.
You hit the jelly. You drain the jelly.
Your tentacles burn!
The jelly is severely wounded.
You hit the jelly.
Your tentacles burn!
The jelly is almost dead.
The jelly barely misses you.
You hit the jelly.
You kill the jelly!
There is a stone staircase leading down here.
There is a stone staircase leading up here.
Found a pair of boots.
Found a scroll of enchant armour.
q - 2 scrolls of enchant armour (gained 1)
A gargoyle and an ice beast come into view.
The gargoyle is wielding a +1 morningstar of protection.
Found a ring mail.
Found a book of Power.
The gargoyle hits you with a +1 morningstar of protection!!
You hear a shout! x2
You hit the gargoyle but do no damage. Your grab misses the gargoyle.
You hear a shout!
The gargoyle hurls a stone arrow at you.
The stone arrow misses you.
You hit the gargoyle. You grab the gargoyle.
You squeeze the gargoyle, but do no damage.
The gargoyle is moderately damaged.
You constrict the gargoyle, but do no damage.
The gargoyle hits you with a +1 morningstar of protection!
You release your grip on the gargoyle.
The gargoyle attacks as it pursues you!
The gargoyle hits you with a +1 morningstar of protection!!
You die...

###########
#.........# ##
#.#######.#######....
#.# ##...##........
##.#####......h###.###
#.......[...#.#9..#
###.>#######.##.#..##
.........# #.##.#.#Y#
###..###.# ...#..###[#
###..# ....... #.#
..#..######...#.#. #.#
#.#.......... #.## :.#
###.####### #. #.


You could see a gargoyle and an ice beast.

Vanquished Creatures
  Menkaure (D:4)
  An orc warrior (D:5)
  An ogre (D:4)
  A phantom (D:5)
  3 scorpions
  A bombardier beetle (D:5)
  2 jellies
  An orc priest (D:5)
  An iguana (D:5)
  A sleepcap (D:5)
  4 adders
  2 ufetubi (D:5)
  5 dart slugs
  16 orcs
  7 endoplasms
  4 giant cockroaches
  9 goblins
  11 hobgoblins
  10 jackals
  9 kobolds
  7 quokkas
  8 ball pythons
  3 bats
  7 rats
115 creatures vanquished.

Notes
Turn   | Place    | Note
-------+----------+-------------------------------------------
     0 | D:1      | Dorkslayer the Octopode Shapeshifter began the quest for
                  | the Orb.
     0 | D:1      | Reached XP level 1. HP: 13/13 MP: 1/1
   127 | D:1      | Reached XP level 2. HP: 18/18 MP: 2/2
   172 | D:1      | Found Jolebua's Armour Shop.
   187 | D:1      | Found Rivatifeph's Magic Scroll Boutique.
   375 | D:1      | Found Beecosif's Weapon Boutique.
   497 | D:1      | Reached XP level 3. HP: 23/23 MP: 3/3
   797 | D:1      | Found Geakam's Armour Boutique.
   876 | D:2      | Found a burning altar of Makhleb.
  1138 | D:2      | Reached skill level 1 in Stealth
  1208 | D:2      | Reached XP level 4. HP: 28/28 MP: 4/4
  1813 | D:3      | Reached skill level 1 in Maces & Flails
  1979 | D:4      | Reached XP level 5. HP: 29/33 MP: 5/5
  2009 | D:4      | Noticed a +0 falchion
  2011 | D:4      | Noticed a +0 short sword
  2011 | D:4      | Noticed a +0 falchion
  2012 | D:4      | Noticed a +0 short sword
  2013 | D:4      | Noticed a +0 dagger
  2014 | D:4      | Noticed a +0 spear
  2015 | D:4      | Noticed a +0 dagger
  2016 | D:4      | Noticed a +0 spear
  2071 | D:4      | Found a hide-covered altar of Uskayaw.
  2090 | D:4      | Noticed an ogre
  2102 | D:4      | Killed an ogre
  2208 | D:4      | Noticed Menkaure
  2211 | D:4      | Killed Menkaure
  2212 | D:4      | Reached XP level 6. HP: 32/39 MP: 6/6
  2231 | D:4      | Found Coamollemai's Assorted Antiques.
  2568 | D:4      | Bought a scroll of identify for 46 gold pieces
  2674 | D:4      | Reached XP level 7. HP: 45/45 MP: 7/7
  2810 | D:5      | Entered Level 5 of the Dungeon
  3127 | D:5      | Reached skill level 5 in Unarmed Combat
  3338 | D:5      | Found a basalt altar of Yredelemnul.
  3585 | D:5      | Reached skill level 5 in Stealth
  3600 | D:5      | Reached XP level 8. HP: 24/51 MP: 8/8
  4061 | D:6      | Noticed a gargoyle
  4067 | D:6      | Slain by a gargoyle

Illustrated notes

Levels and vault maps discovered:
D:1:      spicycebolla_arrival_ecumenical, layout_basic, serial_shops,
          nicolae_shop_bloodbath_and_beyond, shop, shop, shop, interstate_on_off
D:2:      layout_rooms, basic_altar, minmay_randomly_rotated_circles
D:3:      layout_basic, minmay_quantized
D:4:      minmay_clustersquares, layout_basic, nicolae_uskayaw_en_pointe,
          serial_shops, nicolae_shop_just_a_little_nook, uniq_menkaure
D:5:      layout_loops_ring, mainiacjoe_overflow_alcove_1
D:6:      kennysheep_steamy, layout_loops_ring,
          mainiacjoe_overflow_surrounded_room, ebering_ghost_sewer_f,
          minmay_manual_mail

Skill      XL: |  1  2  3  4  5  6  7 |
---------------+----------------------+-----
Unarmed Combat | 4 5 |  5.3
Stealth        | 1 3 5 |  5.8
Maces & Flails | 1 2 3 |  3.6
Dodging        | 3 |  3.5
Fighting       | 2 |  2.7
Throwing       | |  0.1
Shapeshifting  | |  3.9

Action                     |  1- 3 |  4- 6 |  7- 9 || total
---------------------------+-------+-------+-------++-------
  Melee: Unarmed           |    38 |       |       ||    38
         Constrict         |    17 |    23 |    15 ||    55
         Tentacles         |    14 |    11 |    11 ||    36
         Punch             |     2 |     1 |     1 ||     4
         Whip              |    26 |    88 |    65 ||   179
  Throw: Dart              |       |     2 |       ||     2
    Use: Scroll            |     4 |     9 |     4 ||    17
   Stab: Sleeping          |     3 |     8 |    14 ||    25
 Armour: Skin              |    20 |    37 |    21 ||    78
  Dodge: Dodged            |    35 |    49 |    30 ||   114

Table legend: (Time is in decaauts)
 A = Elapsed time spent in this place.
 B = Non-inter-level travel time spent in this place.
 C = Inter-level travel time spent in this place.
 D = Time resting spent in this place.
 E = Time spent auto-exploring this place.
 F = Levels seen in this place.
 G = Mean time per level.
                   A        B        C        D        E       F      G
               +--------+--------+--------+--------+--------+-----+--------+
         Total |   4063 |   4063 |      0 |      3 |   2473 |   6 |  677.2 |
       Dungeon |   4063 |   4063 |      0 |      3 |   2473 |   6 |  677.2 |
               +--------+--------+--------+--------+--------+-----+--------+

Top non-repeatable levels by time:
     D:5: 948 daAuts
     D:4: 859 daAuts
     D:1: 844 daAuts
     D:2: 598 daAuts
     D:3: 508 daAuts
     D:6: 305 daAuts
